 Dungeon Crawl Stone Soup version 0.25-a0-597-gb30770a0c0 (webtiles) character file.

Game seed: 1480883821930759053, levelgen mode: deterministic

72 Motbakke the Chopper (level 4, 0/41 HPs)
             Began as a Hill Orc Monk on Mar 15, 2020.
             Was a Follower of Beogh.
             Engulfed by Ijyb's flame (26 damage)
             ... on level 3 of the Dungeon.
             The game lasted 00:31:33 (2631 turns).

Motbakke the Chopper (Hill Orc Monk)                Turns: 2631, Time: 00:31:34

Health: 0/41       AC:  4    Str: 14    XL:     4   Next: 26%
Magic:  1/4        EV: 11    Int: 10    God:    Beogh [*.....]
Gold:   102        SH:  0    Dex: 13    Spells: 3/3 levels left

rFire    . . .     SeeInvis .   a - +0 hand axe
rCold    . . .     Gourm    .   (no shield)
rNeg     . . .     Faith    .   i - -1 ring mail (curse)
rPois    .         Spirit   .   (no helmet)
rElec    .         Reflect  .   (no cloak)
rCorr    .         Harm     .   (no gloves)
MR       .....                  (no boots)
Stlth    +.........             (no amulet)
HPRegen  0.13/turn              (no ring)
MPRegen  0.09/turn              (no ring)

@: no status effects
A: no striking features
a: Renounce Religion


You were on level 3 of the Dungeon.
You worshipped Beogh.
Beogh was aware of your devotion.
You were not hungry.

You visited 1 branch of the dungeon, and saw 3 of its levels.

You collected 102 gold pieces.

Inventory:

Hand Weapons
 a - a +0 hand axe (weapon)
 d - a +0 club
 e - a +0 club
 f - a +0 club
 j - a +0 dagger
 k - a +0 spear
 q - a +0 whip
Missiles
 l - 22 poisoned darts (quivered)
 m - 35 arrows
 n - 56 bolts
 o - 3 javelins
Armour
 b - a +1 robe
 g - a +0 robe
 i - a cursed -1 ring mail (worn)
Jewellery
 t - an uncursed ring of protection from cold {unknown}
Wands
 c - a wand of enslavement (4)
Scrolls
 s - 2 scrolls of teleportation {unknown}
Potions
 h - 2 potions of brilliance
Comestibles
 p - 2 rations


   Skills:
 + Level 4.4 Fighting
 * Level 5.3 Axes
 + Level 0.1 Throwing
 + Level 0.8 Armour
 + Level 2.6 Dodging
 + Level 1.7 Stealth


You had 3 spell levels left.
You didn't know any spells.
Your spell library was empty.

Dungeon Overview and Level Annotations

Branches:
Dungeon (3/15)

Altars:
Qazlal
Vehumet

Annotations:
D:3 Ijyb


Message History

The orc dies!
The orc hits the orc priest but does no damage.
The orc priest hits the orc with a +0 club.
The orc barely misses the orc.
Okay, then.
The orc priest closely misses the orc.
You miss Ijyb.
Ijyb is moderately wounded.
Ijyb screams, "I no like you!"
Ijyb zaps a wand.
Ijyb creates a blast of flame!
You closely miss Ijyb.
Ijyb is moderately wounded.
You are engulfed in blazing flames.
The rat barely misses the orc priest.
Ijyb hits you but does no damage.
The orc priest casts a cantrip, but nothing happens.
You hit Ijyb but do no damage.
Ijyb is moderately wounded.
You hit the orc but do no damage.
You are engulfed in blazing flames.
Ouch! That really hurt!
You die...

...........# ###.##...
#..........######.# ...
#........<........# ##
##.........#....###.#
#.....######........
#....## #...§§§# #....#
##....§§####... #.>..#
#.....§§§...... ...
##.....#@###... .#
###......#go.Y...# .#
#........#oo.....# .##
###.....##.#r..)..## ..#
#.......##.#...o..#
..###..(....##.#......#
...............#........
......###...####.....###
..............


You could see an ice beast, Ijyb, 2 orcs, a rat, a neutral orc priest and a
neutral orc (wandering).

Vanquished Creatures
  2 adders
  An ooze (D:2)
  A worm (D:2)
  A dart slug (D:1)
  A leopard gecko (D:3)
  4 bats
  A giant cockroach (D:2)
  8 goblins
  6 hobgoblins
  4 jackals (D:3)
  3 frilled lizards
  6 kobolds
  5 rats
43 creatures vanquished.

Vanquished Creatures (others)
  An orc (D:3)
1 creature vanquished.

Grand Total: 44 creatures vanquished

Notes
Turn   | Place    | Note
-------+----------+-------------------------------------------
     0 | D:1      | Motbakke the Hill Orc Monk began the quest for the Orb.
     0 | D:1      | Reached XP level 1. HP: 19/19 MP: 1/1
   100 | D:1      | Reached XP level 2. HP: 22/27 MP: 2/2
  1377 | D:2      | Reached XP level 3. HP: 33/33 MP: 3/3
  1543 | D:2      | Reached skill level 5 in Axes
  1591 | D:2      | Found a radiant altar of Vehumet.
  1900 | D:2      | Found a stormy altar of Qazlal.
  2250 | D:3      | Reached XP level 4. HP: 19/41 MP: 4/4
  2624 | D:3      | Became a worshipper of Beogh the Brigand
  2624 | D:3      | Reached * piety under Beogh
  2624 | D:3      | Reached ** piety under Beogh
  2625 | D:3      | Noticed Ijyb
  2626 | D:3      | Noticed an ice beast
  2631 | D:3      | Engulfed by Ijyb's flame

Levels and vault maps discovered:
D:1:      co_arrival_random_square_maze, layout_basic
D:2:      layout_loops_ring, lemuel_coloured_pillars_altar,
          nicolae_overflow_crystal_walls, first_ration, minmay_tromino_i4
D:3:      layout_basic, old_standard_altar,
          chequers_ecumenical_altar_simple_redux, nrook_campfire,
          item_on_display_a, uniq_ijyb

Skill      XL: |  1  2  3 |
---------------+----------+-----
Fighting       | 4 |  4.4
Axes           | 5 |  5.3
Throwing       | |  0.1
Armour         | |  0.8
Dodging        | |  2.6
Stealth        | |  1.7

Action                   |  1- 3 |  4- 6 || total
-------------------------+-------+-------++-------
Melee: Hand axe          |   107 |    20 ||   127
Throw: Dart              |    10 |     9 ||    19
Invok: Smiting           |       |     1 ||     1
       Convert to Beogh  |       |     1 ||     1
  Use: Scroll            |     3 |       ||     3
       Potion            |       |     1 ||     1
 Stab: Sleeping          |       |     1 ||     1
  Eat: Ration            |     1 |     1 ||     2
Armor: Ring mail         |    16 |     5 ||    21
       Robe              |     1 |       ||     1
Dodge: Dodged            |    55 |     6 ||    61

Table legend:
 A = Non-vault XP
 B = Vault XP
 C = Vault XP percentage of total XP
 D = Non-vault monster count
 E = Vault monster count
 F = Vault count percentage of total count
                 A         B        C        D         E       F
            +---------+---------+-------+---------+---------+-------
      Total |      94 |      10 |   9.6 |      40 |       3 |   7.0
            +---------+---------+-------+---------+---------+-------
        D:1 |      26 |       0 |   0.0 |      16 |       0 |   0.0
        D:2 |      38 |      10 |  20.8 |      15 |       3 |  16.7
        D:3 |      30 |       0 |   0.0 |       9 |       0 |   0.0
            +---------+---------+-------+---------+---------+-------
